Map: Ever Dream LE

Players

Zinnie

  • Race: Protoss Protoss
  • League: Diamond
  • Spawn Location: 1:00

Shiek - Winner!

  • Race: Terran Terran
  • Spawn Location: 7:00

VOD

Have the link to the VOD?

Description

Time

  • Played on: April 29, 2020, 3:46 p.m.
  • Length: 6:56
Show
View Real Time Build Order
Export as new Build Order

Zinnie Protoss 

Build Orders: Colossus Rush 

Get SALT Encoding   

  12  0:01  Probe  
  13  0:16  Probe  
  14  0:21  Pylon  
  14  0:28  Probe  
  15  0:40  Probe  
  16  0:43  Gateway  
  16  0:51  Assimilator  
  16  0:52  Probe (Chrono Boost)  
  16  0:55  Assimilator  
  17  1:03  Probe (Chrono Boost)  
  18  1:08  Probe (Chrono Boost)  
  19  1:14  Gateway  
  19  1:18  Probe  
  20  1:31  Probe  
  21  1:36  Cybernetics Core  
  21  1:43  Probe  
  22  1:49  Pylon  
  22  1:55  Probe  
  23  2:07  Probe  
  24  2:12  Stalker x2 (Chrono Boost)  
  28  2:15  Warp Gate  
  28  2:20  Probe  
  29  2:27  Pylon  
  29  2:32  Probe  
  29  2:43  Stalker  
  31  2:45  Stalker  
  33  3:01  Nexus  
  33  3:04  Probe  
  34  3:16  Probe  
  34  3:17  Robotics Facility  
  33  3:28  Probe  
  34  3:40  Probe (Chrono Boost)  
  35  3:44  Pylon, Gateway  
  35  3:51  Probe (Chrono Boost)  
  36  3:56  Probe (Chrono Boost)  
  37  4:06  Observer (Chrono Boost), Probe  
  39  4:14  Probe  
  40  4:18  Probe  
  40  4:23  Immortal (Chrono Boost)  
  45  4:28  Probe  
  45  4:30  Assimilator, Probe  
  47  4:32  Assimilator  
  47  4:40  Probe  
  47  4:41  Robotics Bay  
  47  4:43  Probe  
  49  4:47  Forge  
  49  4:52  Probe  
  42  5:10  Probe x2  
  44  5:22  Probe  
  44  5:23  Probe  
  44  5:24  Colossus (Chrono Boost)  
  52  5:34  Probe  
  52  5:35  Probe  
  54  5:42  Stalker  
  56  5:45  Nexus  
  56  5:47  Probe x2 (Chrono Boost)  
  60  5:57  Probe x2 (Chrono Boost)  
  60  6:02  Probe (Chrono Boost)  
  61  6:06  Pylon  
  61  6:13  Pylon  
  61  6:14  Pylon  
  61  6:17  Pylon  
  61  6:32  Shield Battery x2  
  61  6:34  Shield Battery  
  61  6:38  Stalker  
  61  6:39  Stalker x2  
Show
View Real Time Build Order
Export as new Build Order

Shiek Terran - Winner!

Build Orders: Gas First Reaper Expand 

Get SALT Encoding   

  12  0:01  SCV  
  13  0:13  SCV  
  14  0:17  Supply Depot  
  14  0:25  SCV  
  15  0:30  Refinery  
  15  0:38  SCV  
  16  0:46  Barracks  
  16  0:51  SCV  
  17  1:03  SCV  
  18  1:15  SCV  
  19  1:32  Orbital Command  
  19  1:33  Reaper  
  20  1:46  Command Center  
  20  1:55  Factory  
  20  2:00  SCV  
  21  2:04  Refinery  
  21  2:08  Barracks Reactor  
  21  2:12  SCV  
  22  2:16  Supply Depot  
  22  2:24  SCV  
  23  2:38  SCV  
  23  2:42  Starport  
  23  2:43  Widow Mine  
  25  2:47  Marine x2  
  25  2:50  SCV  
  28  2:59  Orbital Command  
  28  3:02  SCV  
  28  3:04  Widow Mine  
  31  3:07  Marine x2  
  33  3:15  SCV  
  34  3:23  Medivac  
  34  3:26  Marine x2  
  37  3:28  SCV  
  37  3:29  SCV  
  39  3:36  Widow Mine  
  41  3:42  Barracks  
  41  3:43  SCV, Barracks  
  41  3:44  SCV  
  43  3:49  Supply Depot  
  43  3:55  SCV  
  43  3:56  SCV  
  45  4:07  Factory Tech Lab, Starport Tech Lab  
  45  4:08  SCV  
  46  4:10  Marine x2  
  46  4:11  SCV  
  46  4:12  Engineering Bay  
  46  4:14  Supply Depot  
  49  4:21  SCV  
  49  4:23  SCV  
  51  4:32  Refinery  
  51  4:35  Widow Mine, Starport Reactor  
  51  4:36  Marine x2  
  51  4:37  Stimpack, Combat Shield  
  55  4:38  SCV  
  55  4:39  SCV  
  55  4:44  Marauder x2  
  61  4:54  Marine  
  61  4:56  Supply Depot  
  61  4:57  Supply Depot  
  62  5:00  SCV, Marine  
  62  5:05  SCV  
  61  5:07  Marauder  
  61  5:09  Factory Reactor  
  61  5:13  Marauder  
  62  5:14  SCV  
  62  5:18  SCV, Marine x2  
  65  5:21  Supply Depot  
  65  5:25  Medivac x2  
  65  5:27  SCV  
  70  5:30  SCV, Supply Depot x2  
  73  5:35  Marauder  
  73  5:36  Refinery, Marauder  
  73  5:40  SCV  
  73  5:41  Marine x2  
  78  5:43  SCV  
  78  5:47  Widow Mine x2  
  83  5:52  SCV  
  83  5:55  SCV, Supply Depot  
  85  5:59  Marauder x2  
  85  6:00  Marine x2  
  91  6:05  Concussive Shells  
  91  6:07  SCV  
  91  6:08  SCV  
  93  6:15  Command Center  
  93  6:19  Marine x2  
  93  6:20  Marauder  
  97  6:28  Marauder, SCV  
  97  6:29  SCV  
  97  6:32  Supply Depot x2  
  92  6:41  SCV  
  92  6:42  SCV  
  101  6:55  Supply Depot  
Tags
 
Add a new tag
Caveats
  • Supply blocks, unpowered buildings, or Contaminate may cause inaccurate times.
  • Supply counts are checked every 10 seconds.